Construct Section Command Post
Selects Heavy Armor Battlegroup
Selects Engineer Detachments
Construct Platoon Command Post
Selects Light Vehicle Withdraw and Refit
6-pounder Anti-tank Gun Team
6-pounder Anti-tank Gun Team
Selects Forward Repair Assembly
Construct Company Command Post
Construct Field Infirmary
Selects Churchill Black Prince Heavy Tank
Churchill Black Prince Heavy Tank
Churchill Black Prince Heavy Tank